 Dungeon Crawl Stone Soup version 0.21.1-1-g345015fe64 (webtiles) character file.

391 JarielCorvus the Magician (level 6, -1/32 HPs)
             Began as a Deep Elf Fire Elementalist on July 6, 2018.
             Killed from afar by an orc wizard (9 damage)
             ... with a magic dart
             ... on level 4 of the Dungeon.
             The game lasted 00:10:58 (3568 turns).

JarielCorvus the Magician (DEFE)                    Turns: 3568, Time: 00:10:59

Health: -1/32      AC:  2    Str:  5    XL:     6   Next: 50%
Magic:  0/18       EV: 13    Int: 22    God:
Gold:   190        SH:  0    Dex: 15    Spells: 1/19 levels left

rFire    . . .     SeeInvis .   p - -1 short sword (curse)
rCold    . . .     Gourm    .   (no shield)
rNeg     . . .     Faith    .   a - +0 robe
rPois    .         Spirit   .   (no helmet)
rElec    .         Reflect  .   (no cloak)
rCorr    .         Harm     .   (no gloves)
MR       .....                  (no boots)
Stlth    ++........             (no amulet)
HPRegen  0.10/turn              (no ring)
MPRegen  0.16/turn              (no ring)

@: very slightly contaminated
A: no striking features
a: no special abilities


You were on level 4 of the Dungeon.
You were very hungry.

You visited 1 branch of the dungeon, and saw 4 of its levels.

You collected 190 gold pieces.

Inventory:

Hand Weapons
 d - a +0 hunting sling
 f - a +0 short sword
 g - a +0 hunting sling
 l - a +0 club
 p - a cursed -1 short sword (weapon)
 q - a +0 dagger
Missiles
 j - 89 stones (quivered)
 o - 36 sling bullets
Armour
 a - a +0 robe (worn)
Jewellery
 s - an uncursed amulet of rage {unknown}
 t - an uncursed ring of wizardry {unknown}
 v - a cursed ring of teleportation {unknown}
Scrolls
 i - a scroll of immolation
Potions
 e - 2 potions of might
 h - a potion of flight {unknown}
 k - 2 potions of agility
 m - 2 potions of curing {unknown}
 n - a potion of magic {unknown}
 r - a potion of resistance {unknown}
Books
 b - a book of Flames

   Spells                             Type                      Level
   a - Flame Tongue                   Conjuration/Fire             1
   b - Throw Flame                    Conjuration/Fire             2
   c - Conjure Flame                  Conjuration/Fire             3
   d - Inner Flame                    Hexes/Fire                   3
   e - Sticky Flame                   Conjuration/Fire             4
   f - Fireball                       Conjuration/Fire             5
Comestibles
 c - 3 rations


   Skills:
 - Level 2.4 Dodging
 - Level 2.4 Stealth
 * Level 7.0 Spellcasting
 + Level 3.6 Conjurations
 + Level 4.9 Fire Magic


You had one spell level left.
You knew the following spells:

 Your Spells              Type           Power        Failure   Level  Hunger
a - Flame Tongue          Conj/Fire      ####.        1%          1    None
b - Throw Flame           Conj/Fire      ####..       2%          2    None
c - Conjure Flame         Conj/Fire      ####....     4%          3    None
d - Inner Flame           Hex/Fire       ###.....     9%          3    None
e - Sticky Flame          Conj/Fire      ####....     14%         4    ###....
f - Fireball              Conj/Fire      ####......   36%         5    #####..


Dungeon Overview and Level Annotations

Branches:
Dungeon (4/15)
 Temple: D:4-7

Altars:
Gozag
Nemelex Xobeh
Okawaru


Message History

The flame tongue misses the orc wizard.
The orc wizard hits you with a dagger.
Casting: Flame Tongue
Confirm with . or Enter, or press ? or * to list all spells.
Aiming: Flame Tongue
Press: ? - help, Shift-Dir - straight line, f/p - orc wizard
Aim: an orc wizard, wielding a dagger and wearing a robe (moderately wounded, fast)
The flame tongue hits the orc wizard.
The orc wizard is severely wounded.
The orc wizard hits you with a dagger. The orc wizard hits you with a dagger!
* * * LOW HITPOINT WARNING * * *
Casting: Flame Tongue
Confirm with . or Enter, or press ? or * to list all spells.
Aiming: Flame Tongue
Press: ? - help, Shift-Dir - straight line, f/p - orc wizard
Aim: an orc wizard, wielding a dagger and wearing a robe (severely wounded, fast)
The flame tongue hits the orc wizard.
The orc wizard is almost dead.
The orc wizard points at you and mumbles some strange words.
The magic dart hits you!
You die...

##....## ⌠.# .
##....##.##.# ###
##.....#..# ##.#
##......# ##..#
##..#### #...##
##..## ##....# ##..##
#.....## .#
##..####....>.## ...
##@.##.....(..# ....
##o.#.......## .....
##.........#
......####
##.......##
.........####.......#
.........o.........##
...)..##...........#
.....# ###.........#
†...# ####......#


You could see an orc wizard.

Vanquished Creatures
  A water moccasin (D:2)
  A phantom (D:2)
  The ghost of tidbits the Grave Robber, a weakling GnNe (D:3)
  Robin (D:3)
  6 adders
  3 oozes
  2 worms (D:2)
  4 dart slugs
  9 orcs
  3 giant cockroaches
  13 goblins
  9 hobgoblins
  A quokka (D:2)
  4 bats
  5 frilled lizards
  8 kobolds
  12 rats
83 creatures vanquished.

Notes
Turn   | Place    | Note
-------+----------+-------------------------------------------
     0 | D:1      | JarielCorvus the Deep Elf Fire Elementalist began the quest for the Orb.
     0 | D:1      | Reached XP level 1. HP: 10/10 MP: 6/6
   141 | D:1      | Reached XP level 2. HP: 15/15 MP: 2/8
   151 | D:1      | Learned a level 2 spell: Throw Flame
   461 | D:1      | Reached skill level 4 in Spellcasting
   553 | D:1      | Reached XP level 3. HP: 19/19 MP: 6/10
   854 | D:1      | Learned a level 3 spell: Conjure Flame
   858 | D:1      | Learned a level 3 spell: Inner Flame
  1041 | D:2      | Noticed a water moccasin
  1049 | D:2      | Killed a water moccasin
  1049 | D:2      | Reached skill level 5 in Spellcasting
  1049 | D:2      | Reached XP level 4. HP: 9/24 MP: 2/13
  1049 | D:2      | Reached XP level 5. HP: 11/28 MP: 2/14
  1345 | D:2      | Noticed a phantom
  1379 | D:2      | Killed a phantom
  1379 | D:2      | Reached skill level 6 in Spellcasting
  1582 | D:2      | Found an iron altar of Okawaru.
  1705 | D:2      | Reached XP level 6. HP: 32/32 MP: 12/17
  2323 | D:3      | Noticed tidbits's ghost (weakling GnNe)
  2334 | D:3      | Killed tidbits's ghost
  2678 | D:3      | Noticed Robin
  2681 | D:3      | Killed Robin
  2760 | D:3      | Found an opulent altar of Gozag.
  2769 | D:3      | Learned a level 4 spell: Sticky Flame
  2775 | D:3      | Learned a level 5 spell: Fireball
  3017 | D:3      | Found a sparkling altar of Nemelex Xobeh.
  3546 | D:4      | Reached skill level 7 in Spellcasting
  3568 | D:4      | Killed from afar by an orc wizard

Skill      XL: |  1  2  3  4  5  6 |
---------------+-------------------+-----
Spellcasting   | 4 5 6 7 |  7.0
Conjurations   | 2 3 |  3.6
Fire Magic     | 4 |  4.9
Dodging        | |  2.4
Stealth        | |  2.4

Action                   |  1- 3 |  4- 6 || total
-------------------------+-------+-------++-------
Melee: Short sword       |     9 |     3 ||    12
 Fire: Hunting sling     |    16 |    26 ||    42
Throw: Stone             |       |     3 ||     3
 Cast: Flame Tongue      |    35 |    64 ||    99
       Throw Flame       |     7 |    37 ||    44
       Inner Flame       |       |     5 ||     5
       Conjure Flame     |       |     3 ||     3
       Sticky Flame      |       |     2 ||     2
  Use: Scroll            |     2 |     6 ||     8
  Eat: Chunk             |       |     7 ||     7
Armor: Robe              |     4 |     1 ||     5
Dodge: Dodged            |    19 |    16 ||    35
